 Dungeon Crawl Stone Soup version 0.30-a0-169-g06f667207d (webtiles) character file.

Game seed: 3710732495289755716

2915 qw the Cleaver (level 9, -8/57 HPs)
             Began as a Gargoyle Fighter on Sept 30, 2022.
             Was an Initiate of Okawaru.
             Hit by a boomerang thrown by something (9 damage)
             ... on level 8 of the Dungeon.
             The game lasted 00:02:31 (7202 turns).

qw the Cleaver (Gargoyle Fighter)                   Turns: 7202, Time: 00:02:32

Health: -8/57      AC:  0    Str: 24    XL:     9   Next: 78%
Magic:  9/9        EV: 14    Int:  9    God:    Okawaru [......]
Gold:   0          SH:  0    Dex:  9    Spells: 8/8 levels left

rFire   . . .      SeeInvis .    (weapon currently unavailable)
rCold   . . .      Faith    .    (shield currently unavailable)
rNeg    + . .      Spirit   .    (body armour currently unavailable)
rPois   inf        Reflect  .    (helmet currently unavailable)
rElec   .          Harm     .    (cloak currently unavailable)
rCorr   .          Rampage  .    (gloves currently unavailable)
Will    .....                    (boots currently unavailable)
Stlth   +.........               (no amulet)
HPRegen 0.19/turn                (ring currently unavailable)
MPRegen 0.11/turn                (ring currently unavailable)

@: pig-form (expiring), very quick
A: fast, no casting, sickness immunity, AC +6, small, negative energy resistance
1, (electricity resistance), torment resistance 1, petrification resistance,
(big wings), wild magic 1
a: Renounce Religion


You were on level 8 of the Dungeon.
You worshipped Okawaru.
Okawaru was noncommittal.
You were a filthy swine.
You visited 1 branch of the dungeon, and saw 8 of its levels.

You collected 149 gold pieces.
You spent 149 gold pieces at shops.


Innate Abilities, Weirdness & Mutations

You are a filthy swine.
You move quickly.
Your equipment is almost entirely melded.
You are incapable of wielding weapons or throwing items.
You cannot cast spells.
You are immune to sickness and miasma.
((Your stone body is resilient. (AC +6)))
You are immune to poison.
You resist negative energy. (rN+)
((You are resistant to electric shocks. (rElec)))
You are resistant to unholy torment.
You are immune to petrification.
((Your large and strong wings let you fly.))
Your spells are a little harder to cast, but a little more powerful.


   Skills:
 - Level 7.0 Fighting
 + Level 9.3 Axes
 - Level 1.3 Throwing
 - Level 6.1 Armour
 - Level 2.0 Dodging
 - Level 4.8 Shields


You had 8 spell levels left.
You didn't know any spells.
Your spell library was empty.

Inventory:

Hand Weapons
 Y - a +1 war axe of electrocution (melded)
Missiles
 b - a boomerang (quivered)
Armour
 h - a +0 pair of boots (melded)
 k - a +2 pair of gloves (melded)
 l - the +5 ring mail of Hepliaklqana's Delight {+Inv rC+}
   (You found it on level 3 of the Dungeon)

   rC:        It protects you from cold.
   +Inv:      It lets you turn invisible.
 p - a +0 plate armour (melded)
 r - a +0 cloak (melded)
 y - a +2 buckler (melded)
Jewellery
 f - the ring of Kanuj (melded) {rC++ Int+6}
   (You found it on level 3 of the Dungeon)

   [ring of intelligence]

   Int:       It affects your intelligence (+6).
   rC:        It greatly protects you from cold.
 n - a +6 ring of dexterity (melded)
Scrolls
 j - a scroll of identify
 m - a scroll of teleportation
Potions
 a - 3 potions of mutation
 d - 2 potions of might
 e - 8 potions of curing
 g - 3 potions of heal wounds
 o - 2 potions of haste
 q - 2 potions of attraction
 u - a potion of lignification {unknown}
 v - a potion of degeneration {unknown}

Dungeon Overview and Level Annotations

Branches:
Dungeon (8/15)             Temple (0/1) D:6
   Lair: D:8-11

Altars:
Ashenzari
Gozag
Kikubaaqudgha
Okawaru
Ru
Sif Muna
Trog
Vehumet
Yredelemnul
Zin
The Shining One

Shops:
D:4 (

Annotations:
D:8 Maurice


Message History

You see here a book of the Earth.
You closely miss Maurice.
Maurice gestures wildly while chanting.
Maurice flickers and vanishes!
Deactivating autopickup; reactivate with Ctrl-A.
You barely miss something. Something hits you!
Something steals your ring of positive energy!
You closely miss something. Something hits you!
Something steals 1 of your 2 scrolls of teleportation!
You miss something. Something hits you!
Something steals your +0 morningstar!
You barely miss something. You hit something.
You hear some strange, mumbled words.
You swing at nothing.
Something hits you!
Something steals 1 of your 2 boomerangs!
You swing at nothing.
Something hits you.
Something steals 53 gold pieces!
You now have 184 gold pieces.
You swing at nothing.
Something hits you.
Something steals 113 gold pieces!
You now have 71 gold pieces.
You barely miss something. Something hits you.
Something steals 71 gold pieces!
You now have 0 gold pieces.
You miss something. You miss something.
Your transformation is almost over.
You hear some strange, mumbled words.
You swing at nothing.
A boomerang appears from out of thin air!
The boomerang hits you!
You swing at nothing.
You swing at nothing.
You swing at nothing.
A boomerang appears from out of thin air!
The boomerang hits you!
You die...

#........#
#........#.#
#........#.#
#........#.#
#........#.##.#
#...$........
#.........######.#
.......h${.<.....#
........:.###.####
...............#
#######.#)##.#...
#.#.. # .# #.####
# #.# #.# #.


There were no monsters in sight!

Vanquished Creatures
  Pikel (D:5)
  Maggie (D:7)
  Grinder (D:5)
  2 sky beasts
  A black bear (D:7)
  An ogre (D:6)
  4 centaurs
  A phantom (D:6)
  A kobold brigand (D:4)
  2 bullfrogs
  3 scorpions (D:5)
  A howler monkey (D:6)
  A gnoll bouda (D:5)
  4 orc priests (D:7)
  6 hounds
  2 iguanas
  7 orc wizards
  4 gnolls (D:5)
  9 adders
  2 white imps
  An ufetubus (D:5)
  A worm (D:5)
  3 dart slugs
  25 orcs
  8 ball pythons
  7 endoplasms
  4 giant cockroaches
  9 goblins
  12 hobgoblins
  3 jackals (D:5)
  2 kobolds
  2 quokkas
  6 bats
  6 frilled lizards
  6 rats
149 creatures vanquished.

Notes
Turn   | Place    | Note
-------+----------+-------------------------------------------
     0 | D:1      | qw the Gargoyle Fighter began the quest for the Orb.
     0 | D:1      | Reached XP level 1. HP: 14/14 MP: 1/1
     0 | D:1      | 0 ||| qw: Version: 0.2-a-12-gaebbb33
     0 | D:1      | 0 ||| qw: Game counter: 1385
     0 | D:1      | 0 ||| qw: Always use a shield: true
     0 | D:1      | 0 ||| qw: God list: Okawaru
     0 | D:1      | 0 ||| qw: Allow faded altars: false
     0 | D:1      | 0 ||| qw: Do Orc after D:15 true
     0 | D:1      | 0 ||| qw: Do second Lair branch before Depths: true
     0 | D:1      | 0 ||| qw: Lair rune preference: random
     0 | D:1      | 0 ||| qw: Plans: Normal, Zot:1-4, God:TSO, Crypt, Tomb,
                  | Pan, Slime:5, Hells, Abyss, Orb
     0 | D:1      | 0 ||| PLANNING D:1-11
    47 | D:1      | Reached skill level 2 in Axes
   146 | D:1      | Reached XP level 2. HP: 19/19 MP: 2/2
   263 | D:1      | You fall into a shaft and drop 1 floor!
   265 | D:2      | 265 ||| READING scroll labelled JYKKIG QITE.
   266 | D:2      | 266 ||| DRINKING 2 fizzy green potions.
   554 | D:1      | 554 ||| Stepping ~*~*~tactically~*~*~ (stealth).
   556 | D:1      | 556 ||| Stepping ~*~*~tactically~*~*~ (stealth).
   586 | D:1      | 586 ||| Stepping ~*~*~tactically~*~*~ (stealth).
   602 | D:1      | 602 ||| Stepping ~*~*~tactically~*~*~ (stealth).
   603 | D:1      | 603 ||| Stepping ~*~*~tactically~*~*~ (stealth).
   623 | D:1      | Reached skill level 3 in Axes
   765 | D:1      | 765 ||| Stepping ~*~*~tactically~*~*~ (stealth).
   773 | D:1      | Reached XP level 3. HP: 23/23 MP: 3/3
  1184 | D:1      | 1184 ||| UPGRADING to +0 pair of boots.
  1189 | D:1      | 1189 ||| DROPPING ring of wizardry.
  1190 | D:1      | 1190 ||| DRINKING 2 fuming brown potions.
  1190 | D:1      | Gained mutation: Your large and strong wings let you fly.
                  | [potion of mutation]
  1190 | D:1      | Gained mutation: Your spells are a little harder to cast,
                  | but a little more powerful. [potion of mutation]
  1279 | D:2      | 1279 ||| Stepping ~*~*~tactically~*~*~ (stealth).
  1300 | D:2      | 1300 ||| Stepping ~*~*~tactically~*~*~ (stealth).
  1318 | D:2      | 1318 ||| DROPPING +0 club.
  1324 | D:2      | 1324 ||| Stepping ~*~*~tactically~*~*~ (stealth).
  1336 | D:2      | Found a faded altar of an unknown god.
  1361 | D:2      | 1361 ||| Stepping ~*~*~tactically~*~*~ (stealth).
  1577 | D:2      | 1577 ||| Stepping ~*~*~tactically~*~*~ (stealth).
  1687 | D:2      | Reached XP level 4. HP: 26/28 MP: 4/4
  1846 | D:2      | 1846 ||| UPGRADING to +0 chain mail.
  1856 | D:2      | 1856 ||| DROPPING +0 scale mail.
  1857 | D:2      | 1857 ||| UPGRADING to +2 pair of gloves.
  1862 | D:2      | 1862 ||| READING scroll labelled ELUELE XOIVEW.
  1863 | D:2      | 1863 ||| READING 3 scrolls labelled URE CE USHACS.
  1864 | D:2      | 1864 ||| READING scroll labelled YTEUCI DU QOUJ.
  1923 | D:3      | Reached skill level 4 in Axes
  2005 | D:3      | 2005 ||| Stepping ~*~*~tactically~*~*~ (stealth).
  2006 | D:3      | Identified the ring of Kanuj {rC++ Int+6}
  2013 | D:3      | 2013 ||| Stepping ~*~*~tactically~*~*~ (stealth).
  2034 | D:3      | Identified the +5 ring mail of Hepliaklqana's Delight {+Inv
                  | rC+}
  2243 | D:3      | 2243 ||| Stepping ~*~*~tactically~*~*~ (stealth).
  2244 | D:3      | 2244 ||| Stepping ~*~*~tactically~*~*~ (stealth).
  2341 | D:3      | Found a glowing golden altar of the Shining One.
  2426 | D:3      | 2426 ||| UPGRADING to +5 ring mail of Hepliaklqana's
                  | Delight {+Inv rC+}.
  2436 | D:3      | 2436 ||| UPGRADING to ring of Kanuj {rC++ Int+6}.
  2437 | D:3      | 2437 ||| READING 5 scrolls of identify.
  2437 | D:3      | 2437 ||| IDENTIFYING smoky blue potion
  2438 | D:3      | 2438 ||| READING 4 scrolls of identify.
  2438 | D:3      | 2438 ||| IDENTIFYING emerald potion
  2439 | D:3      | 2439 ||| READING 3 scrolls of identify.
  2439 | D:3      | 2439 ||| IDENTIFYING pink potion
  2440 | D:3      | 2440 ||| READING 2 scrolls of identify.
  2440 | D:3      | 2440 ||| IDENTIFYING glowing red potion
  2441 | D:3      | 2441 ||| DROPPING potion of ambrosia.
  2442 | D:3      | 2442 ||| DROPPING potion of berserk rage.
  2443 | D:3      | 2443 ||| DROPPING potion of brilliance.
  2450 | D:4      | Found a basalt altar of Yredelemnul.
  2451 | D:4      | 2451 ||| STAIRDANCE
  2456 | D:3      | Reached XP level 5. HP: 32/32 MP: 5/5
  2728 | D:4      | Reached skill level 5 in Axes
  2748 | D:4      | Found a broken altar of Ashenzari.
  2928 | D:4      | Reached skill level 1 in Dodging
  3086 | D:4      | Found a glowing silver altar of Zin.
  3138 | D:4      | 3138 ||| Stepping ~*~*~tactically~*~*~ (stealth).
  3139 | D:4      | 3139 ||| Stepping ~*~*~tactically~*~*~ (stealth).
  3142 | D:4      | Reached XP level 6. HP: 21/38 MP: 6/6
  3143 | D:4      | 3143 ||| FLEEEEING.
  3144 | D:4      | 3144 ||| FLEEEEING.
  3145 | D:4      | 3145 ||| FLEEEEING.
  3146 | D:4      | 3146 ||| FLEEEEING.
  3147 | D:4      | 3147 ||| FLEEEEING.
  3150 | D:4      | 3150 ||| FLEEEEING.
  3151 | D:4      | 3151 ||| FLEEEEING.
  3152 | D:4      | 3152 ||| FLEEEEING.
  3154 | D:4      | 3154 ||| FLEEEEING.
  3155 | D:4      | 3155 ||| FLEEEEING.
  3159 | D:4      | 3159 ||| FLEEEEING.
  3160 | D:4      | 3160 ||| FLEEEEING.
  3161 | D:4      | 3161 ||| FLEEEEING.
  3162 | D:4      | 3162 ||| FLEEEEING.
  3163 | D:4      | 3163 ||| FLEEEEING.
  3164 | D:4      | 3164 ||| FLEEEEING.
  3165 | D:4      | 3165 ||| STAIRDANCE
  3277 | D:3      | 3277 ||| DROPPING +0 chain mail.
  3278 | D:3      | 3278 ||| UPGRADING to +0 plate armour.
  3288 | D:3      | 3288 ||| READING scroll labelled SIASAV HIEMIHYMOU.
  3289 | D:3      | 3289 ||| READING 2 scrolls of identify.
  3289 | D:3      | 3289 ||| IDENTIFYING orange potion
  3290 | D:3      | 3290 ||| DROPPING potion of invisibility.
  3296 | D:4      | Found Raothott's Antique Weapon Boutique.
  3299 | D:4      | 3299 ||| BUYING runed flail (149 gold).
  3299 | D:4      | Bought a runed flail for 149 gold pieces
  3299 | D:4      | 3299 ||| DROPPING +0 flail of draining.
  3321 | D:4      | Found a sacrificial altar of Ru.
  3486 | D:4      | Found a bloodstained altar of Trog.
  3611 | D:4      | 3611 ||| DRINKING 3 silvery potions.
  3658 | D:5      | Entered Level 5 of the Dungeon
  3726 | D:5      | Found a shimmering blue altar of Sif Muna.
  3732 | D:5      | Found an ancient bone altar of Kikubaaqudgha.
  3745 | D:5      | Found a radiant altar of Vehumet.
  3750 | D:5      | Reached XP level 7. HP: 44/44 MP: 7/7
  3933 | D:5      | Reached skill level 6 in Axes
  4118 | D:5      | Noticed Grinder
  4126 | D:5      | Paralysed by Grinder for 5 turns
  4132 | D:5      | Killed Grinder
  4291 | D:5      | 4291 ||| Stepping ~*~*~tactically~*~*~ (stealth).
  4293 | D:5      | 4293 ||| Stepping ~*~*~tactically~*~*~ (stealth).
  4298 | D:5      | 4298 ||| Stepping ~*~*~tactically~*~*~ (hiding).
  4306 | D:5      | Noticed Pikel
  4309 | D:5      | 4309 ||| Stepping ~*~*~tactically~*~*~ (hiding).
  4334 | D:5      | Killed Pikel
  4335 | D:5      | Reached skill level 8 in Axes
  4335 | D:5      | Reached XP level 8. HP: 32/48 MP: 8/8
  4519 | D:5      | Identified the +2 scale mail of the Original Sin {*Corrode
                  | rPois Dex+6}
  4542 | D:5      | Reached skill level 1 in Throwing
  4629 | D:5      | 4629 ||| UPGRADING to +0 cloak.
  4634 | D:5      | 4634 ||| UPGRADING to +6 ring of dexterity.
  4635 | D:5      | 4635 ||| READING scroll labelled AXICZILOAN.
  4703 | D:5      | 4703 ||| STAIRDANCE
  4859 | D:6      | Reached skill level 6 in Fighting
  4870 | D:6      | Reached skill level 6 in Armour
  4870 | D:6      | Reached XP level 9. HP: 40/55 MP: 9/9
  5218 | D:6      | Found a staircase to the Ecumenical Temple.
  5465 | D:6      | Found an opulent altar of Gozag.
  5690 | D:6      | 5690 ||| UPGRADING to amulet of guardian spirit.
  5695 | D:6      | 5695 ||| READING scroll labelled PIECLO TARGHAMU.
  5696 | D:6      | 5696 ||| DRINKING 2 black potions.
  5697 | D:6      | 5697 ||| READING 2 scrolls of identify.
  5697 | D:6      | 5697 ||| IDENTIFYING golden potion
  5698 | D:6      | 5698 ||| DROPPING potion of magic.
  5728 | D:7      | Found a flagged portal.
  5737 | D:7      | Noticed Maggie
  5751 | D:7      | Reached skill level 9 in Axes
  5751 | D:7      | Killed Maggie
  5958 | D:7      | 5958 ||| Stepping ~*~*~tactically~*~*~ (hiding).
  6179 | D:7      | 6179 ||| Stepping ~*~*~tactically~*~*~ (stealth).
  6182 | D:7      | 6182 ||| Stepping ~*~*~tactically~*~*~ (hiding).
  6374 | D:7      | 6374 ||| Stepping ~*~*~tactically~*~*~ (stealth).
  6376 | D:7      | 6376 ||| Stepping ~*~*~tactically~*~*~ (hiding).
  6583 | D:7      | 6583 ||| Stepping ~*~*~tactically~*~*~ (stealth).
  6681 | D:7      | Found an iron altar of Okawaru.
  6682 | D:7      | 6682 ||| PLANNING OKAWARU WORSHIP
  6682 | D:7      | 6682 ||| UPGRADING to +2 buckler.
  6692 | D:7      | 6692 ||| DROPPING +0 buckler.
  6693 | D:7      | 6693 ||| READING scroll labelled QUKHLI ZEEWAQE.
  6694 | D:7      | 6694 ||| READING scroll labelled ACAENE FAGEUCU.
  6702 | D:7      | Became a worshipper of Warmaster Okawaru
  6703 | D:7      | 6703 ||| PLANNING D:1-11
  6703 | D:7      | 6703 ||| REMOVING amulet of guardian spirit.
  7103 | D:7      | 7103 ||| DROPPING amulet of guardian spirit.
  7181 | D:8      | Noticed Maurice
  7195 | D:8      | HP: 12/57 [something (6)]
  7199 | D:8      | HP: 1/57 [something (8)]
  7202 | D:8      | Hit by a boomerang thrown by something

Levels and vault maps discovered:
D:1:      kennysheep_arrival_forest, layout_loops_corners, minmay_fountain_box,
          amcnicky_mini_pool_small, serial_bayou_pond_e, minmay_tetromino_o4
D:2:      layout_rooms, hellmonk_ecumenical_altar_slurped_away
D:3:      minmay_recursive_quarters, layout_basic, overflow_temple_1_default
D:4:      layout_cave_pools, mainiacjoe_overflow_catwalk, lemuel_doored_altar,
          nicolae_overflow_hidden_temple, marbit_many_paths,
          mainiacjoe_overflow_alcove_4, serial_shops, kennysheep_mini
D:5:      layout_basic, palyth_temple_overflow_mages, kennysheep_small_square,
          uniq_pikel, uniq_grinder
D:6:      layout_loops_cross, nicolae_gozag_seed_capital,
          minmay_temple_entry_glassed_door
D:7:      layout_basic, mainiacjoe_overflow_alcove_2, enter_bailey_6,
          uniq_maggie
D:8:      layout_basic, uniq_joseph, uniq_maurice

Skill      XL: |  1  2  3  4  5  6  7  8  9 |
---------------+----------------------------+-----
Axes           | 2 3 4 5 8 9 |  9.3
Dodging        | 1 2 |  2.0
Fighting       | 4 6 7 |  7.0
Armour         | 5 6 |  6.1
Throwing       | 1 |  1.3
Shields        | 4 |  4.8

Action                   |  1- 3 |  4- 6 |  7- 9 || total
-------------------------+-------+-------+-------++-------
Melee: War axe           |    99 |   142 |   204 ||   445
       Unarmed           |       |       |     9 ||     9
Throw: Boomerang         |     5 |    10 |    28 ||    43
  Use: Potion            |     2 |     1 |     1 ||     4
       Scroll            |     1 |     9 |     5 ||    15
Armor: Scale mail        |    45 |     1 |       ||    46
       Chain mail        |       |    32 |       ||    32
       Ring mail         |       |    25 |       ||    25
       Plate armour      |       |    27 |   172 ||   199
Dodge: Dodged            |    38 |    49 |    59 ||   146
Block: Buckler           |    19 |    30 |    51 ||   100

Table legend:
 A = Non-vault XP
 B = Vault XP
 C = Vault XP percentage of total XP
 D = Non-vault monster count
 E = Vault monster count
 F = Vault count percentage of total count
                 A         B        C        D         E       F
            +---------+---------+-------+---------+---------+-------
      Total |    2603 |    1562 |  37.5 |     127 |      22 |  14.8
            +---------+---------+-------+---------+---------+-------
        D:1 |      34 |       5 |  12.8 |      21 |       3 |  12.5
        D:2 |      51 |       2 |   3.8 |      17 |       1 |   5.6
        D:3 |      41 |      33 |  44.6 |      10 |      10 |  50.0
        D:4 |     261 |       2 |   0.8 |      17 |       1 |   5.6
        D:5 |     401 |    1135 |  73.9 |      19 |       6 |  24.0
        D:6 |     884 |       0 |   0.0 |      13 |       0 |   0.0
        D:7 |     813 |     385 |  32.1 |      29 |       1 |   3.3
        D:8 |     118 |       0 |   0.0 |       1 |       0 |   0.0
            +---------+---------+-------+---------+---------+-------
